Map: [TLMC15] Pride of Altaris

Players

Dark

  • Race: Zerg Zerg

Solar - Winner!

  • Race: Zerg Zerg

Event: DreamHack SC2 Masters Last Chance 2022

VOD

Have the link to the VOD?

Description

Time

  • Played on: Jan. 13, 2022, 9:58 a.m.
  • Length: 17:42

All games in this series

Show
View Real Time Build Order
Export as new Build Order

Dark Zerg 

Build Orders: Hatch First, Lurkers, Zergling Baneling 

Get SALT Encoding   

  12  0:00  Drone  
  13  0:12  Overlord  
  13  0:17  Drone  
  14  0:30  Drone x2  
  16  0:51  Drone  
  16  0:54  Hatchery  
  16  0:57  Drone  
  16  0:58  Drone  
  18  1:11  Extractor  
  18  1:13  Spawning Pool  
  16  1:18  Drone  
  16  1:19  Drone  
  18  1:28  Drone  
  19  1:38  Drone  
  20  1:50  Drone  
  21  2:03  Zergling x2  
  21  2:05  Queen x2  
  21  2:06  Drone  
  27  2:15  Metabolic Boost  
  27  2:17  Drone  
  27  2:19  Overlord  
  28  2:37  Drone x2  
  30  2:45  Drone, Hatchery  
  30  2:50  Drone x2, Baneling Nest  
  31  2:53  Overlord  
  30  3:01  Spine Crawler  
  30  3:02  Spine Crawler  
  30  3:04  Zergling x2  
  30  3:05  Zergling x4  
  32  3:10  Evolution Chamber  
  31  3:13  Zergling x6  
  31  3:16  Zergling x6  
  37  3:20  Zergling x4  
  39  3:27  Zergling x2  
  39  3:34  Baneling x6  
  40  3:35  Zergling x4  
  40  3:40  Zergling x2  
  40  3:53  Zergling x6  
  43  3:59  Zergling x2  
  43  4:04  Overlord  
  43  4:07  Overlord  
  43  4:09  Zergling x4  
  41  4:11  Baneling x2  
  40  4:18  Zergling x2  
  40  4:23  Zergling x2  
  42  4:26  Zergling x2  
  42  4:28  Baneling x4  
  38  4:38  Zergling x4  
  38  4:39  Zergling x6  
  38  4:41  Zergling x6  
  45  4:48  Zergling x2, Baneling  
  45  4:50  Hatchery  
  45  4:55  Drone x2  
  45  5:01  Roach Warren  
  45  5:02  Drone  
  45  5:06  Queen  
  47  5:08  Drone  
  47  5:09  Drone, Extractor  
  47  5:12  Drone  
  49  5:16  Drone  
  50  5:22  Drone x2  
  50  5:23  Overlord  
  47  5:45  Roach x3  
  47  5:47  Drone  
  47  5:48  Drone  
  47  5:49  Drone  
  55  5:50  Drone x2  
  55  5:53  Drone  
  55  5:54  Evolution Chamber  
  55  5:56  Drone x2  
  58  6:06  Baneling x2  
  58  6:10  Roach x2  
  58  6:11  Extractor  
  61  6:13  Roach x2  
  61  6:14  Roach x3  
  61  6:17  Overlord  
  71  6:20  Overlord  
  71  6:22  Roach  
  71  6:23  Overlord  
  71  6:25  Overlord  
  73  6:32  Overlord  
  73  6:37  Zergling x6  
  76  6:43  Zergling x14  
  76  6:47  Roach  
  85  6:52  Zergling x2  
  86  7:00  Zergling x6  
  88  7:06  Ravager x4  
  88  7:08  Zergling x10  
  94  7:11  Zergling x4  
  94  7:15  Zergling x10  
  104  7:17  Roach  
  104  7:22  Drone  
  107  7:25  Drone  
  107  7:28  Drone  
  108  7:32  Drone  
  108  7:34  Drone  
  110  7:39  Roach  
  110  7:42  Overlord  
  110  7:43  Lair  
  112  7:44  Drone  
  112  7:45  Overlord  
  113  7:53  Zerg Missile Weapons Level 1  
  113  7:56  Overlord  
  113  7:58  Overlord  
  113  8:00  Overlord x2  
  113  8:02  Drone x2  
  113  8:04  Roach x3  
  121  8:08  Roach x2  
  125  8:13  Drone x3  
  125  8:14  Drone  
  125  8:18  Roach x2  
  133  8:25  Drone x3  
  133  8:26  Drone  
  137  8:28  Extractor  
  137  8:30  Roach x2  
  140  8:35  Drone x3  
  140  8:40  Hatchery  
  142  8:43  Glial Reconstitution  
  142  8:44  Overseer  
  142  8:46  Roach x2  
  142  8:48  Overseer, Roach  
  148  8:58  Evolution Chamber  
  148  9:00  Roach x4  
  155  9:03  Drone x2  
  155  9:07  Roach x2  
  161  9:16  Overlord  
  161  9:17  Extractor  
  161  9:21  Hydralisk Den  
  159  9:25  Zerg Ground Armor Level 1  
  159  9:30  Drone x2  
  161  9:32  Overlord  
  161  9:36  Drone x2  
  161  9:38  Drone x2  
  165  9:41  Spore Crawler  
  165  9:43  Spore Crawler x2  
  162  9:48  Overlord x4  
  162  9:50  Hydralisk x2, Grooved Spines  
  162  9:51  Hydralisk  
  168  9:53  Hydralisk  
  168  9:57  Hydralisk  
  172  10:02  Hydralisk x2  
  176  10:08  Hydralisk x3  
  182  10:18  Drone x3, Zerg Missile Weapons Level 2  
  185  10:22  Roach  
  185  10:25  Roach x2  
  191  10:32  Hydralisk x2  
  195  10:36  Roach x2  
  199  10:46  Overlord  
  199  10:49  Spore Crawler  
  198  10:51  Lurker Den  
  197  11:07  Drone x2, Extractor x2  
  197  11:09  Drone  
  200  11:11  Roach  
  198  11:21  Roach x2  
  198  11:25  Muscular Augments  
  174  11:36  Roach x9  
  169  11:40  Roach x5  
  169  11:41  Roach x2  
  169  11:45  Roach x4  
  169  11:46  Roach  
  185  11:52  Lurker x2  
  187  11:55  Roach x2  
  187  11:57  Overlord  
  187  11:58  Roach x2  
  187  11:59  Overlord x2  
  195  12:06  Overlord  
  194  12:16  Roach x2  
  194  12:22  Roach  
  199  12:27  Roach x7  
  185  12:33  Roach x3  
  185  12:35  Roach  
  181  12:42  Roach x2  
  181  12:44  Roach  
  132  12:53  Roach  
  132  12:54  Roach  
  132  12:55  Roach x2  
  132  12:56  Queen  
  133  13:04  Hydralisk  
  135  13:06  Roach  
  134  13:15  Spine Crawler  
  134  13:16  Hydralisk, Spine Crawler  
  134  13:17  Hydralisk  
  130  13:21  Extractor  
  120  13:27  Hydralisk x2  
  116  13:36  Hydralisk  
  116  13:41  Lurker x2  
  115  13:43  Drone  
  115  13:44  Infestation Pit  
  115  13:46  Hydralisk  
  115  13:48  Lurker, Spore Crawler  
  116  13:53  Lurker  
  92  14:05  Lurker  
  89  14:12  Drone x4  
  93  14:26  Lurker  
  93  14:27  Queen  
  93  14:28  Hive  
  94  14:32  Overlord  
  94  14:33  Drone x2  
  94  14:34  Drone  
  94  14:35  Lurker  
  98  14:43  Hydralisk  
  98  14:44  Hydralisk, Spore Crawler  
  101  15:13  Lurker x2  
  103  15:17  Queen  
  103  15:18  Roach Warren  
  102  15:41  Overlord  
  102  15:44  Hydralisk x2, Adaptive Talons  
  102  15:48  Hydralisk  
  108  15:52  Queen  
  108  15:53  Queen  
  112  15:59  Roach x2  
  112  16:00  Roach  
  112  16:01  Roach  
  120  16:09  Hydralisk  
  122  16:12  Hydralisk  
  122  16:13  Overlord  
  124  16:24  Roach  
  124  16:25  Overlord x2  
  124  16:37  Queen  
  121  16:41  Seismic Spines  
  121  16:45  Lurker x2  
  123  16:50  Roach x3  
  123  16:54  Roach  
  129  16:56  Roach  
  129  17:00  Roach  
  133  17:05  Overlord x2  
  133  17:07  Overlord  
  130  17:17  Roach  
  130  17:18  Roach  
  116  17:23  Overlord  
Show
View Real Time Build Order
Export as new Build Order

Solar Zerg - Winner!

Build Orders: Hatch First, Zergling Baneling 

Get SALT Encoding   

  12  0:00  Drone  
  13  0:12  Overlord  
  13  0:16  Drone  
  14  0:31  Drone x2  
  16  0:48  Hatchery  
  15  0:51  Drone  
  15  0:54  Drone  
  17  0:59  Drone  
  18  1:09  Extractor  
  17  1:13  Spawning Pool  
  17  1:15  Drone  
  17  1:19  Drone  
  18  1:28  Drone  
  19  1:38  Drone  
  20  1:51  Drone  
  21  2:00  Queen x2  
  26  2:01  Zergling x2  
  26  2:02  Overlord  
  26  2:11  Drone x2  
  26  2:12  Metabolic Boost  
  28  2:24  Zergling x4  
  30  2:33  Zergling x2, Baneling Nest  
  30  2:34  Zergling x2  
  31  2:42  Overlord  
  33  2:44  Zergling x2  
  34  2:52  Evolution Chamber  
  34  2:54  Zergling x4  
  34  3:06  Zergling x4  
  34  3:09  Zergling x12  
  42  3:16  Baneling x2  
  42  3:18  Baneling x2  
  42  3:19  Overlord  
  42  3:20  Zergling x2  
  43  3:32  Zergling x2  
  45  3:41  Drone x7  
  45  3:43  Drone  
  49  3:51  Queen  
  47  3:55  Drone  
  47  3:57  Drone  
  48  4:04  Drone  
  48  4:05  Drone  
  46  4:14  Baneling x3  
  46  4:15  Drone x2  
  47  4:18  Overlord  
  47  4:21  Drone  
  47  4:23  Drone  
  49  4:29  Drone  
  48  4:33  Baneling x2  
  47  4:42  Lair  
  47  4:43  Drone, Evolution Chamber, Roach Warren  
  47  4:45  Baneling  
  46  4:49  Extractor x2  
  46  4:51  Zergling x4  
  45  4:56  Baneling, Zergling x4  
  46  5:03  Drone x3  
  46  5:06  Drone x2  
  51  5:07  Drone  
  51  5:09  Drone  
  53  5:18  Drone, Overlord  
  53  5:19  Drone  
  55  5:25  Zerg Missile Weapons Level 1  
  55  5:26  Drone  
  55  5:31  Zergling x2  
  55  5:34  Baneling x2  
  56  5:37  Zergling x2  
  56  5:38  Queen  
  52  5:44  Queen, Roach  
  52  5:47  Glial Reconstitution  
  56  5:50  Baneling  
  56  5:52  Roach  
  56  5:56  Roach x2  
  62  6:00  Overseer  
  62  6:02  Roach  
  64  6:06  Baneling  
  64  6:07  Baneling  
  64  6:09  Overlord  
  64  6:12  Roach  
  64  6:13  Overlord  
  66  6:26  Hatchery  
  66  6:29  Roach x3  
  71  6:33  Roach  
  71  6:35  Roach  
  75  6:40  Overlord  
  75  6:47  Roach x3  
  80  6:49  Roach  
  82  6:54  Overlord  
  82  6:55  Overlord  
  82  6:59  Overlord  
  84  7:01  Roach  
  84  7:05  Roach  
  84  7:06  Roach  
  84  7:08  Baneling x2  
  88  7:11  Roach  
  88  7:15  Roach  
  92  7:18  Baneling x2  
  92  7:19  Baneling x2  
  92  7:21  Roach x2  
  96  7:27  Roach  
  96  7:28  Roach  
  96  7:29  Roach  
  101  7:35  Drone  
  102  7:39  Extractor  
  102  7:42  Overlord  
  101  7:46  Zerg Missile Weapons Level 2  
  101  7:47  Drone  
  101  7:48  Drone x2  
  104  7:53  Roach x2  
  104  7:58  Queen  
  108  7:59  Drone  
  108  8:01  Drone  
  108  8:03  Drone  
  115  8:05  Drone x2  
  115  8:09  Overlord  
  115  8:18  Extractor  
  114  8:20  Extractor  
  114  8:21  Spire, Overlord  
  114  8:25  Overlord  
  112  8:28  Drone x2  
  112  8:30  Drone  
  112  8:32  Drone  
  112  8:33  Drone  
  117  8:34  Drone  
  117  8:38  Drone x2  
  117  8:40  Drone  
  117  8:41  Drone  
  122  8:43  Drone  
  122  8:44  Drone  
  122  8:47  Drone  
  125  8:50  Overlord  
  125  8:51  Drone  
  125  8:54  Roach  
  125  8:55  Roach  
  130  8:58  Drone  
  130  8:59  Roach  
  133  9:04  Overlord  
  133  9:07  Overlord  
  133  9:10  Drone  
  134  9:18  Roach  
  134  9:21  Roach  
  134  9:23  Roach  
  140  9:26  Hatchery, Roach  
  145  9:32  Mutalisk  
  145  9:34  Mutalisk x2  
  145  9:36  Mutalisk  
  149  9:38  Mutalisk  
  149  9:42  Mutalisk  
  149  9:43  Mutalisk  
  155  9:46  Overlord  
  155  9:50  Roach x2  
  155  9:52  Drone  
  160  9:53  Roach  
  160  9:57  Centrifugal Hooks  
  162  10:02  Overlord  
  162  10:05  Overlord  
  162  10:08  Zergling x8  
  166  10:15  Roach x2  
  166  10:18  Overlord  
  170  10:23  Roach x3  
  170  10:25  Zergling x2  
  177  10:35  Zergling x14  
  184  10:38  Baneling x5  
  184  10:40  Baneling x2  
  184  10:41  Baneling  
  184  10:42  Baneling  
  184  10:43  Baneling x2  
  184  10:45  Baneling  
  184  10:47  Roach x2  
  188  10:57  Roach x5  
  188  10:59  Baneling  
  188  11:00  Baneling x7  
  188  11:01  Overlord  
  198  11:05  Overlord  
  198  11:09  Baneling x8  
  198  11:17  Overlord  
  196  11:23  Roach x2  
  183  11:33  Roach x7  
  183  11:35  Roach x6  
  175  11:40  Zergling x10  
  175  11:41  Zergling x2  
  175  11:44  Zergling x6  
  175  11:46  Ravager x3  
  175  11:47  Ravager x2  
  184  11:49  Zergling x4  
  184  11:51  Zergling x2  
  184  11:52  Zergling x2  
  184  11:53  Ravager  
  190  11:55  Zergling x6  
  193  12:02  Baneling x12  
  193  12:06  Overseer  
  193  12:09  Baneling x9  
  193  12:10  Baneling  
  193  12:12  Queen  
  193  12:14  Baneling x2  
  195  12:18  Roach x2  
  187  12:30  Roach x6  
  187  12:35  Roach x4  
  194  12:43  Roach  
  194  12:44  Roach x5  
  168  12:46  Roach  
  168  12:51  Roach x3  
  167  12:55  Zergling x8  
  167  12:58  Zergling x4  
  166  13:00  Zergling x4  
  164  13:10  Roach Warren  
  155  13:15  Mutalisk x2  
  155  13:16  Mutalisk  
  155  13:18  Zergling x8  
  164  13:24  Zergling x2  
  161  13:29  Zergling x4  
  159  13:38  Zergling x6  
  153  13:56  Hatchery  
  127  14:05  Drone x8  
  132  14:13  Drone x2  
  132  14:16  Roach  
  136  14:19  Ravager  
  136  14:20  Ravager, Overseer  
  136  14:21  Roach x5  
  136  14:22  Roach x2  
  136  14:23  Drone, Queen  
  157  14:28  Drone  
  156  14:33  Drone x2  
  160  14:38  Roach  
  160  14:41  Pneumatized Carapace  
  160  14:45  Roach x2  
  164  14:50  Roach x6  
  176  14:54  Drone  
  176  14:59  Queen  
  179  15:00  Roach x2  
  183  15:09  Roach x3  
  183  15:12  Extractor  
  188  15:15  Drone  
  188  15:17  Drone x3  
  188  15:18  Infestation Pit  
  188  15:21  Drone  
  192  15:24  Drone  
  193  15:33  Overseer  
  193  15:34  Overseer  
  190  15:36  Roach x4, Extractor  
  197  15:51  Hatchery  
  197  15:52  Extractor  
  195  16:08  Hive  
  195  16:10  Hydralisk Den  
  194  16:14  Drone  
  194  16:15  Drone x2  
  194  16:17  Drone  
  194  16:18  Drone  
  199  16:19  Spore Crawler  
  199  16:21  Roach  
  199  16:25  Ravager x3  
  199  16:38  Spore Crawler  
  193  16:42  Spore Crawler  
  193  16:43  Evolution Chamber  
  193  16:45  Hydralisk x4  
  199  16:47  Lurker Den  
  198  16:56  Drone  
  198  16:58  Extractor  
  192  17:02  Overseer  
  192  17:03  Extractor  
  191  17:16  Roach x3  
  191  17:17  Roach  
  198  17:39  Ravager  

Tags
 
Add a new tag
Caveats
  • Supply blocks, unpowered buildings, or Contaminate may cause inaccurate times.
  • Supply counts are checked every 10 seconds.